cohdb
Replays
Latest Replays
All Replays
Popular Replays
Top Player Replays
Match Explorer
How It Works
Community
CoH3 Stats
Reddit
Sign in to upload your games and track your stats! →
Sign in with Steam
Match 20184917
Unlisted
Match 20184917
Overview
Messages
Build Orders
End
Selects Italian Coastal Battlegroup
Selects Coastal Reserves
Coastal Reserve
Construct Infanterie Kompanie
MG 42 Machine Gun Team
Coastal Reserve
Coastal Reserve
MG 42 Bunker
Construct Panzergrenadier Kompanie
Selects Support Bunkers
Selects Rapid Fortifications
Rapid Fortifications
MG 42 Bunker
Panzergrenadier Squad
Medical Station
Construct Panzer Kompanie
Selects Artillery Officer
Artillery Officer
Pak 40 Anti-tank Gun Team
Panzer IV Medium Tank
Selects Bulwark
Stoßtruppen Squad
Medical Bunker
MG 42 Bunker
Panzer IV Medium Tank
RETROMAN
Uschi
gb_gbg
SneaKerz
0
0
Comments
sign in to comment!
No comments posted yet!